 Dungeon Crawl Stone Soup version 0.29.0-4-gdea44cf6ec (webtiles) character file.

Game seed: 8172759179241089741

6447 qw the Cleaver (level 11, 0/86 HPs)
             Began as a Formicid Cinder Acolyte on Sept 4, 2022.
             Was a Priest of Ignis.
             Shot with an arrow by a centaur (1 damage)
             ... on level 10 of the Dungeon.
             The game lasted 00:03:33 (10692 turns).

qw the Cleaver (Formicid Cinder Acolyte)           Turns: 10692, Time: 00:03:33

Health: 0/86       AC: 16    Str: 22    XL:     11   Next: 18%
Magic:  12/12      EV:  5    Int: 18    God:    Ignis [***...]
Gold:   255        SH:  9    Dex:  8    Spells: 12/12 levels left

rFire   + + .      SeeInvis +   q - +3 war axe (vamp)
rCold   + . .      Faith    .   v - +0 kite shield
rNeg    + . .      Spirit   .   s - +0 plate armour
rPois   .          Reflect  .   (helmet unavailable)
rElec   .          Harm     .   y - scarf {rC+ rF+}
rCorr   .          Rampage  +   (no gloves)
Will    ++...                   r - +0 pair of boots {rampage}
Stlth   ..........              a - amulet of the acrobat
HPRegen 0.24/turn               n - ring of positive energy
MPRegen 0.13/turn               (no ring)

@: corroded, fiery-armoured
A: permanent stasis, dig shafts and tunnels, antennae 3, four strong arms,
clever 1, strong-willed 1, mutation resistance 1
a: Dig, Shaft Self, Renounce Religion, Fiery Armour, Foxfire Swarm, Rising Flame


You were on level 10 of the Dungeon.
You worshipped Ignis.
Ignis was most pleased with you.
You visited 1 branch of the dungeon, and saw 10 of its levels.

You collected 740 gold pieces.
You spent 485 gold pieces at shops.


Innate Abilities, Weirdness & Mutations

You cannot be hasted, slowed, berserked, paralysed or teleported.
You can dig through walls and to a lower floor.
You have a pair of large antennae on your head. (SInv)
Your four strong arms can wield two-handed weapons with a shield.
Your mind is acute. (Int +4, Str/Dex -1)
You are strong-willed. (Will+)
You are somewhat resistant to further mutation.


   Skills:
 - Level 8.1 Fighting
 - Level 12.4 Axes
 - Level 3.1 Throwing
 - Level 5.4 Armour
 - Level 1.0 Dodging
 + Level 7.4 Shields
 - Level 1.1 Spellcasting
 - Level 3.0 Fire Magic


You had 12 spell levels left.
You didn't know any spells.
Your spell library contained the following spells:

 Spells                   Type           Power      Damage    Failure   Level
 Scorch                   Fire           22%        2d6       98%         2

Inventory:

Hand Weapons
 h - a +0 hand axe of flaming
 q - a +3 vampiric war axe (weapon)
Missiles
 g - 5 boomerangs
 x - 2 javelins (quivered)
Armour
 r - a +0 pair of boots of rampaging (worn)
 s - a +0 plate armour (worn)
 v - a +0 kite shield (worn)
 y - a scarf of resistance (worn)
Jewellery
 a - an amulet of the acrobat (around neck)
 n - a ring of positive energy (left hand)
Wands
 t - a wand of digging (4)
Scrolls
 b - a scroll of identify
 e - a scroll of brand weapon
 f - 2 scrolls of teleportation
Potions
 d - 5 potions of curing
 i - a potion of haste
 j - a potion of might
 k - 3 potions of mutation
 l - a potion of lignification {unknown}
 w - a potion of resistance {unknown}

Dungeon Overview and Level Annotations

Branches:
Dungeon (10/15)            Temple (0/1) D:6
   Lair: D:8-11         Orc: D:9-12

Altars:
Ashenzari
Cheibriados
Dithmenos
Elyvilon
Fedhas
Sif Muna
Zin

Shops:
D:6 *   D:7 *!(   D:9 (


Message History

The yak barely misses you. You block the yak's attack.
The centaur shoots an arrow.
The arrow hits you!
You hear a shout!
You slash the yak!
The yak is almost dead.
You closely miss the orc. You hit the yak but do no damage.
You hit the acid dragon. You barely miss the yak.
You block the acid dragon's attack. The acid dragon claws you.
The yak gores you but does no damage.
The yak is burned by your cloak of flames.
The yak is heavily wounded.
You block the orc's attack. The yak closely misses you.
The yak barely misses you.
You slash the yak!
You feel better.
You kill the yak!
You slash the orc!
You kill the orc!
You hit the yak but do no damage. You closely miss the acid dragon.
You closely miss the yak.
The centaur shoots an arrow.
The arrow hits you.
An orc warrior comes into view. It is wielding a +0 flail.
The acid dragon barely misses you. You block the acid dragon's attack.
The yak gores you but does no damage.
The yak is burned by your cloak of flames.
The yak is heavily wounded.
The yak gores you but does no damage.
The yak is burned by your cloak of flames.
The yak is moderately wounded.
You closely miss the yak.
The yak is heavily wounded.
You hit the acid dragon. You barely miss the yak. The acid dragon bites you.
The acid dragon barely misses you. The yak gores you.
The yak is burned by your cloak of flames.
The yak is severely wounded.
You block the yak's attack.
The centaur shoots an arrow.
The arrow hits you.
You slash the yak!
You feel better.
The yak is almost dead.
You closely miss the acid dragon. You hit the yak but do no damage.
The centaur shoots an arrow.
The arrow hits you! The arrow burns you.
You die...

#........#
..........#
.....#....##
...........#####
##.............#
#...)...........
$...............
......)D<.c.....
{.{.##@.###....
. #YY%# . #...#
....# ......
......##
#....=..
.......#


You could see 2 yaks, an acid dragon and a centaur.

Vanquished Creatures
  A two-headed ogre (D:8)
  Maggie (D:8)
  2 kobold demonologists (D:8)
  2 hornets (D:8)
  7 yaks
  2 wraiths (D:9)
  2 steam dragons
  2 water moccasins
  A black bear (D:5)
  A sky beast (D:7)
  2 ogres (D:4)
  A phantom (D:6)
  6 centaurs
  3 kobold brigands
  4 bullfrogs
  A gnoll sergeant (D:8)
  2 scorpions (D:5)
  3 necrophages
  5 killer bees (D:9)
  3 howler monkeys (D:8)
  4 hounds
  A jelly (D:6)
  2 orc priests
  5 iguanas
  Ijyb (D:3)
  Natasha (thrice) (D:2)
  5 orc wizards
  3 gnolls (D:8)
  4 adders
  3 shadow imps
  4 white imps
  An ufetubus (D:6)
  4 worms
  2 dart slugs
  25 orcs
  9 ball pythons
  8 endoplasms
  A giant cockroach (D:3)
  9 goblins
  8 hobgoblins
  5 jackals
  15 kobolds
  5 quokkas
  7 bats
  7 frilled lizards
  7 rats
199 creatures vanquished.

Vanquished Creatures (others)
  A yak (D:10)
1 creature vanquished.

Grand Total: 200 creatures vanquished

Notes
Turn   | Place    | Note
-------+----------+-------------------------------------------
     0 | D:1      | qw the Formicid Cinder Acolyte began the quest for the Orb.
     0 | D:1      | Reached XP level 1. HP: 18/18 MP: 2/2
     0 | D:1      | 0 ||| qw: Version: 0.1-a-103-gd6f5d3a
     0 | D:1      | 0 ||| qw: Game counter: 5548
     0 | D:1      | 0 ||| qw: Always use a shield: true
     0 | D:1      | 0 ||| qw: God list: Okawaru
     0 | D:1      | 0 ||| qw: Allow faded altars: false
     0 | D:1      | 0 ||| qw: Do Orc after D:15 true
     0 | D:1      | 0 ||| qw: Do second Lair branch before Depths: true
     0 | D:1      | 0 ||| qw: Lair rune preference: random
     0 | D:1      | 0 ||| qw: Plans: Normal
     0 | D:1      | 0 ||| PLANNING D:1-11
    93 | D:1      | Found a faded altar of an unknown god.
   170 | D:1      | Reached XP level 2. HP: 24/24 MP: 3/3
   224 | D:1      | 224 ||| Stepping ~*~*~tactically~*~*~ (stealth).
   465 | D:1      | Reached skill level 4 in Axes
   465 | D:1      | Reached XP level 3. HP: 29/29 MP: 4/4
   724 | D:1      | Reached skill level 1 in Dodging
  1188 | D:1      | 1188 ||| UPGRADING to +0 chain mail.
  1198 | D:1      | 1198 ||| DROPPING +0 robe.
  1199 | D:1      | 1199 ||| READING scroll labelled USUDOS EFRISI.
  1252 | D:2      | 1252 ||| STAIRDANCE
  1511 | D:2      | Reached skill level 1 in Armour
  1567 | D:2      | Noticed Natasha
  1568 | D:2      | 1568 ||| Stepping ~*~*~tactically~*~*~ (hiding).
  1569 | D:2      | 1569 ||| Stepping ~*~*~tactically~*~*~ (hiding).
  1570 | D:2      | 1570 ||| Stepping ~*~*~tactically~*~*~ (hiding).
  1578 | D:2      | 1578 ||| INVOKING Fiery Armour.
  1580 | D:2      | HP: 7/29 [Natasha (6)]
  1583 | D:2      | Killed Natasha
  1584 | D:2      | Reached XP level 4. HP: 9/35 MP: 5/5
  1596 | D:2      | Noticed Natasha
  1597 | D:2      | 1597 ||| Stepping ~*~*~tactically~*~*~ (hiding).
  1601 | D:2      | HP: 7/35 [Natasha (3)]
  1601 | D:2      | Killed Natasha
  1662 | D:2      | Noticed Natasha
  1667 | D:2      | Killed Natasha
  1668 | D:2      | Reached skill level 5 in Axes
  1668 | D:2      | Reached XP level 5. HP: 11/41 MP: 6/6
  1675 | D:2      | 1675 ||| Stepping ~*~*~tactically~*~*~ (stealth).
  1681 | D:2      | 1681 ||| Stepping ~*~*~tactically~*~*~ (stealth).
  1682 | D:2      | 1682 ||| Stepping ~*~*~tactically~*~*~ (stealth).
  1683 | D:2      | 1683 ||| Stepping ~*~*~tactically~*~*~ (stealth).
  1779 | D:2      | 1779 ||| Stepping ~*~*~tactically~*~*~ (stealth).
  1780 | D:2      | 1780 ||| Stepping ~*~*~tactically~*~*~ (stealth).
  1781 | D:2      | 1781 ||| Stepping ~*~*~tactically~*~*~ (stealth).
  1785 | D:2      | 1785 ||| Stepping ~*~*~tactically~*~*~ (stealth).
  2060 | D:2      | 2060 ||| Stepping ~*~*~tactically~*~*~ (stealth).
  2062 | D:2      | 2062 ||| Stepping ~*~*~tactically~*~*~ (stealth).
  2271 | D:2      | Found a blossoming altar of Fedhas.
  2772 | D:2      | 2772 ||| UPGRADING to amulet of the acrobat.
  2777 | D:2      | 2777 ||| READING 3 scrolls labelled PASINOKYGH.
  2778 | D:2      | 2778 ||| READING scroll labelled YSIRIE YNWYCK.
  2779 | D:2      | 2779 ||| READING scroll labelled DUCVUQ ZIAGEDA.
  2780 | D:2      | 2780 ||| READING 2 scrolls of identify.
  2780 | D:2      | 2780 ||| IDENTIFYING lumpy red potion
  2951 | D:3      | Reached XP level 6. HP: 29/47 MP: 7/7
  3314 | D:3      | Noticed Ijyb
  3315 | D:3      | 3315 ||| Stepping ~*~*~tactically~*~*~ (hiding).
  3321 | D:3      | 3321 ||| INVOKING Fiery Armour.
  3321 | D:3      | HP: 2/47 [disintegration (11)]
  3326 | D:3      | Killed Ijyb
  3327 | D:3      | Reached skill level 1 in Throwing
  3838 | D:3      | 3838 ||| READING 3 scrolls labelled NUDWOPHOUNE.
  3839 | D:3      | 3839 ||| READING scroll labelled ULLUUF IKOGU.
  3840 | D:3      | 3840 ||| READING scroll labelled SUX ZISUUH.
  3841 | D:3      | 3841 ||| READING scroll labelled XITEJO AROGOPE.
  3842 | D:3      | 3842 ||| DRINKING 2 fizzy red potions.
  3843 | D:3      | 3843 ||| DRINKING 4 coppery potions.
  3843 | D:3      | Gained mutation: You are frail. (-10% HP) [potion of
                  | mutation]
  3843 | D:3      | Gained mutation: You passively dampen the noise of your
                  | surroundings. [potion of mutation]
  3843 | D:3      | Gained mutation: You have sharp toenails. [potion of
                  | mutation]
  3844 | D:3      | 3844 ||| DRINKING 3 potions of mutation.
  3844 | D:3      | Lost mutation: You have sharp toenails. [potion of
                  | mutation]
  3844 | D:3      | Lost mutation: You are frail. (-10% HP) [potion of
                  | mutation]
  3844 | D:3      | Lost mutation: You passively dampen the noise of your
                  | surroundings. [potion of mutation]
  3844 | D:3      | Gained mutation: Your mind is acute. (Int +4, Str/Dex -1)
                  | [potion of mutation]
  3844 | D:3      | Gained mutation: You are strong-willed. (Will+) [potion of
                  | mutation]
  3844 | D:3      | Gained mutation: You are somewhat resistant to further
                  | mutation. [potion of mutation]
  3876 | D:3      | 3876 ||| DROPPING potion of attraction.
  3955 | D:4      | 3955 ||| Stepping ~*~*~tactically~*~*~ (stealth).
  3958 | D:4      | 3958 ||| Stepping ~*~*~tactically~*~*~ (stealth).
  4012 | D:4      | 4012 ||| Stepping ~*~*~tactically~*~*~ (stealth).
  4022 | D:4      | Reached skill level 6 in Axes
  4173 | D:4      | 4173 ||| Stepping ~*~*~tactically~*~*~ (stealth).
  4314 | D:4      | Noticed an ogre
  4321 | D:4      | Killed an ogre
  4322 | D:4      | Reached XP level 7. HP: 42/54 MP: 8/8
  4438 | D:4      | 4438 ||| Stepping ~*~*~tactically~*~*~ (stealth).
  5069 | D:4      | 5069 ||| UPGRADING to ring of positive energy.
  5070 | D:4      | 5070 ||| READING scroll labelled WOLELO NIYDI.
  5071 | D:4      | 5071 ||| READING scroll labelled KISHOM SIAVECW.
  5072 | D:4      | 5072 ||| DRINKING 2 cyan potions.
  5073 | D:4      | 5073 ||| DRINKING 2 white potions.
  5074 | D:4      | 5074 ||| READING 2 scrolls of identify.
  5074 | D:4      | 5074 ||| IDENTIFYING smoky sapphire potion
  5075 | D:4      | 5075 ||| DROPPING potion of flight.
  5076 | D:4      | 5076 ||| DROPPING potion of invisibility.
  5077 | D:4      | 5077 ||| DROPPING potion of magic.
  5105 | D:5      | Entered Level 5 of the Dungeon
  5139 | D:5      | 5139 ||| Stepping ~*~*~tactically~*~*~ (stealth).
  5292 | D:5      | Found a white marble altar of Elyvilon.
  5304 | D:5      | Reached skill level 7 in Axes
  5502 | D:5      | 5502 ||| SWAPPING to +3 vorpal war axe.
  5787 | D:5      | 5787 ||| Stepping ~*~*~tactically~*~*~ (hiding).
  5788 | D:5      | 5788 ||| Stepping ~*~*~tactically~*~*~ (hiding).
  5789 | D:5      | 5789 ||| Stepping ~*~*~tactically~*~*~ (hiding).
  5930 | D:5      | 5930 ||| Stepping ~*~*~tactically~*~*~ (hiding).
  5933 | D:5      | 5933 ||| Stepping ~*~*~tactically~*~*~ (hiding).
  6080 | D:5      | Reached XP level 8. HP: 60/60 MP: 9/9
  6257 | D:5      | 6257 ||| READING 2 scrolls of identify.
  6257 | D:5      | 6257 ||| IDENTIFYING sedimented orange potion
  6258 | D:5      | 6258 ||| DROPPING potion of brilliance.
  6316 | D:6      | 6316 ||| Stepping ~*~*~tactically~*~*~ (stealth).
  6327 | D:6      | 6327 ||| FLEEEEING.
  6328 | D:6      | 6328 ||| FLEEEEING.
  6329 | D:6      | 6329 ||| FLEEEEING.
  6330 | D:6      | 6330 ||| FLEEEEING.
  6331 | D:6      | 6331 ||| FLEEEEING.
  6332 | D:6      | 6332 ||| FLEEEEING.
  6333 | D:6      | 6333 ||| FLEEEEING.
  6335 | D:6      | 6335 ||| FLEEEEING.
  6336 | D:6      | 6336 ||| FLEEEEING.
  6337 | D:6      | 6337 ||| FLEEEEING.
  6340 | D:6      | 6340 ||| STAIRDANCE
  6376 | D:6      | 6376 ||| STAIRDANCE
  6380 | D:5      | Reached skill level 8 in Axes
  6423 | D:6      | Reached skill level 3 in Armour
  6462 | D:6      | Found Hekawn's Lightly-Used Armoury.
  6479 | D:6      | 6479 ||| SHOPLISTING -2 crystal plate armour (840 gold,
                  | have 368).
  6479 | D:6      | 6479 ||| SHOPLISTING -3 pearl dragon scales (1020 gold,
                  | have 368).
  6496 | D:6      | 6496 ||| Stepping ~*~*~tactically~*~*~ (stealth).
  6500 | D:6      | 6500 ||| Stepping ~*~*~tactically~*~*~ (stealth).
  6504 | D:6      | 6504 ||| Stepping ~*~*~tactically~*~*~ (stealth).
  6689 | D:6      | 6689 ||| Stepping ~*~*~tactically~*~*~ (stealth).
  6690 | D:6      | 6690 ||| Stepping ~*~*~tactically~*~*~ (stealth).
  6773 | D:6      | 6773 ||| Stepping ~*~*~tactically~*~*~ (hiding).
  6877 | D:6      | Found a broken altar of Ashenzari.
  6919 | D:6      | Reached skill level 9 in Axes
  7119 | D:6      | Found a shimmering blue altar of Sif Muna.
  7128 | D:6      | Reached XP level 9. HP: 66/68 MP: 10/10
  7211 | D:6      | Found a staircase to the Ecumenical Temple.
  7319 | D:6      | Reached skill level 6 in Fighting
  7371 | D:6      | 7371 ||| Stepping ~*~*~tactically~*~*~ (stealth).
  7471 | D:6      | 7471 ||| READING 2 scrolls labelled COUQ HEMICRI.
  7472 | D:6      | 7472 ||| READING 2 scrolls of identify.
  7472 | D:6      | 7472 ||| IDENTIFYING murky white potion
  7503 | D:7      | 7503 ||| STAIRDANCE
  7649 | D:7      | 7649 ||| FLEEEEING.
  7650 | D:7      | 7650 ||| FLEEEEING.
  7651 | D:7      | 7651 ||| FLEEEEING.
  7652 | D:7      | 7652 ||| FLEEEEING.
  7653 | D:7      | 7653 ||| FLEEEEING.
  7654 | D:7      | 7654 ||| FLEEEEING.
  7655 | D:7      | 7655 ||| FLEEEEING.
  7656 | D:7      | 7656 ||| FLEEEEING.
  7657 | D:7      | 7657 ||| FLEEEEING.
  7658 | D:7      | 7658 ||| FLEEEEING.
  7662 | D:7      | 7662 ||| FLEEEEING.
  7663 | D:7      | 7663 ||| STAIRDANCE
  7733 | D:7      | 7733 ||| Stepping ~*~*~tactically~*~*~ (hiding).
  7734 | D:7      | 7734 ||| Stepping ~*~*~tactically~*~*~ (hiding).
  7841 | D:7      | Found Noytiy's Assorted Antiques.
  7844 | D:7      | 7844 ||| BUYING pair of embroidered boots (225 gold).
  7844 | D:7      | Bought a pair of embroidered boots for 225 gold pieces
  7844 | D:7      | 7844 ||| BUYING potion of curing (90 gold).
  7844 | D:7      | Bought a potion of curing for 90 gold pieces
  7844 | D:7      | 7844 ||| BUYING scroll labelled EHIEGAMMIE (30 gold).
  7844 | D:7      | Bought a scroll labelled EHIEGAMMIE for 30 gold pieces
  7844 | D:7      | 7844 ||| BUYING scroll labelled WILUZE WENTE (30 gold).
  7844 | D:7      | Bought a scroll labelled WILUZE WENTE for 30 gold pieces
  7851 | D:7      | Reached skill level 10 in Axes
  7863 | D:7      | Found Udaobied's Distillery.
  7872 | D:7      | 7872 ||| BUYING 2 potions of heal wounds (110 gold).
  7872 | D:7      | Bought 2 potions of heal wounds for 110 gold pieces
  7872 | D:7      | 7872 ||| SHOPLISTING potion of heal wounds (55 gold, have
                  | 21).
  7879 | D:7      | Reached skill level 3 in Throwing
  7921 | D:7      | Found Caris's Assorted Antiques.
  7933 | D:7      | 7933 ||| Stepping ~*~*~tactically~*~*~ (hiding).
  7936 | D:7      | 7936 ||| Stepping ~*~*~tactically~*~*~ (hiding).
  7937 | D:7      | 7937 ||| Stepping ~*~*~tactically~*~*~ (hiding).
  7945 | D:7      | 7945 ||| Stepping ~*~*~tactically~*~*~ (stealth).
  7952 | D:7      | 7952 ||| Stepping ~*~*~tactically~*~*~ (hiding).
  8006 | D:7      | Found a shadowy altar of Dithmenos.
  8074 | D:7      | Found Yrphiv's Antique Weapon Emporium.
  8169 | D:7      | 8169 ||| UPGRADING to +0 pair of boots of rampaging.
  8174 | D:7      | 8174 ||| READING scroll labelled JEOJIP SICHI.
  8175 | D:7      | 8175 ||| READING scroll labelled EHIEGAMMIE.
  8176 | D:7      | 8176 ||| READING scroll labelled WILUZE WENTE.
  8209 | D:8      | 8209 ||| STAIRDANCE
  8279 | D:8      | Noticed a hornet
  8291 | D:8      | 8291 ||| INVOKING Fiery Armour.
  8291 | D:8      | Killed a hornet
  8309 | D:8      | HP: 17/71 [white imp/puff of frost (3)]
  8310 | D:8      | 8310 ||| DRINKING 3 potions of heal wounds.
  8316 | D:8      | 8316 ||| FLEEEEING.
  8448 | D:8      | Noticed a hornet
  8449 | D:8      | Noticed Maggie
  8459 | D:8      | Killed a hornet
  8462 | D:8      | 8462 ||| INVOKING Fiery Armour.
  8471 | D:8      | HP: 17/72 [Maggie/bolt of fire (9)]
  8472 | D:8      | 8472 ||| DRINKING 2 potions of heal wounds.
  8476 | D:8      | Killed Maggie
  8477 | D:8      | Reached XP level 10. HP: 65/79 MP: 11/11
  8542 | D:8      | Found a flagged portal.
  8562 | D:8      | Found a blossoming altar of Fedhas.
  8569 | D:8      | Noticed a kobold demonologist
  8571 | D:8      | Noticed a kobold demonologist
  8573 | D:8      | 8573 ||| INVOKING Fiery Armour.
  8574 | D:8      | Noticed a smoke demon
  8587 | D:8      | HP: 13/79 [chaos spawn[a kobold demonologist] (13)]
  8587 | D:8      | HP: 4/79 [chaos spawn[a kobold demonologist] (9)]
  8588 | D:8      | 8588 ||| DRINKING 2 potions of heal wounds.
  8591 | D:8      | Noticed an orange demon
  8597 | D:8      | Killed a kobold demonologist
  8598 | D:8      | Reached skill level 11 in Axes
  8606 | D:8      | Killed a kobold demonologist
  8639 | D:8      | 8639 ||| FLEEEEING.
  8855 | D:8      | 8855 ||| Stepping ~*~*~tactically~*~*~ (stealth).
  8856 | D:8      | 8856 ||| Stepping ~*~*~tactically~*~*~ (stealth).
  8857 | D:8      | 8857 ||| Stepping ~*~*~tactically~*~*~ (stealth).
  8882 | D:8      | Found a snail-covered altar of Cheibriados.
  8924 | D:8      | 8924 ||| Stepping ~*~*~tactically~*~*~ (stealth).
  8943 | D:8      | 8943 ||| INVOKING Fiery Armour.
  9225 | D:8      | Noticed a two-headed ogre
  9234 | D:8      | Killed a two-headed ogre
  9235 | D:8      | Reached skill level 12 in Axes
  9596 | D:8      | 9596 ||| UPGRADING to +0 swamp dragon scales.
  9606 | D:8      | 9606 ||| DROPPING +2 ring mail of cold resistance.
  9607 | D:8      | 9607 ||| UPGRADING to +0 kite shield.
  9612 | D:8      | 9612 ||| DRINKING 2 emerald potions.
  9675 | D:9      | Reached skill level 1 in Shields
  9766 | D:9      | 9766 ||| Stepping ~*~*~tactically~*~*~ (stealth).
  9778 | D:9      | Reached skill level 3 in Shields
  9782 | D:9      | 9782 ||| INVOKING Fiery Armour.
  9785 | D:9      | Reached XP level 11. HP: 29/86 MP: 12/12
 10166 | D:9      | Found a glowing silver altar of Zin.
 10213 | D:9      | 10213 ||| Stepping ~*~*~tactically~*~*~ (stealth).
 10250 | D:9      | Reached skill level 6 in Shields
 10299 | D:9      | Found Foniush's Antique Weapon Shop.
 10434 | D:9      | 10434 ||| DROPPING +0 chain mail.
 10435 | D:9      | 10435 ||| UPGRADING to +0 plate armour.
 10445 | D:9      | 10445 ||| DROPPING +0 swamp dragon scales.
 10446 | D:9      | 10446 ||| UPGRADING to scarf of resistance.
 10451 | D:9      | 10451 ||| READING scroll labelled EDORPH MAENNOG.
 10552 | D:9      | 10552 ||| DRINKING 2 clear potions.
 10653 | D:9      | 10653 ||| DROPPING potion of ambrosia.
 10677 | D:10     | Entered Level 10 of the Dungeon
 10683 | D:10     | 10683 ||| INVOKING Fiery Armour.
 10686 | D:10     | HP: 14/86 [acid dragon/splash of acid (19)]
 10687 | D:10     | 10687 ||| DRINKING potion of heal wounds.
 10691 | D:10     | HP: 13/86 [acid dragon (4)]
 10692 | D:10     | HP: 1/86 [centaur/arrow (8)]
 10692 | D:10     | Shot with an arrow by a centaur

Levels and vault maps discovered:
D:1:      giann_wishing_wells, layout_loops_ring,
          hellmonk_ecumenical_altar_run_dry
D:2:      layout_basic, basic_altar, minmay_door_square, grunt_ministairs_7,
          minmay_quadrilaterals, uniq_natasha
D:3:      layout_loops_ring, minmay_cupped, uniq_ijyb
D:4:      layout_basic
D:5:      layout_cave_pools, general_overflow_altar
D:6:      layout_rooms, mainiacjoe_overflow_small_starburst,
          nicolae_ashenzari_panopticon, minmay_temple_entry_drinking_statues,
          kennysheep_flooded_box, minmay_shop_damaged,
          dreamdust_princess_bridge, kennysheep_small_square
D:7:      layout_gridville, lemuel_crystal_altar, serial_shops,
          nicolae_shop_hallway_plus, nicolae_shop_behind_doors, kennysheep_mini,
          shop
D:8:      layout_cave_pools, fedhas_bush_and_centaur_altar,
          overflow_temple_1_default, enter_bailey_2, uniq_maggie
D:9:      layout_roguey, zin_scriptorium, serial_shops, kennysheep_little_box,
          blue_anna_alchemist
D:10:     layout_cave_pools, mainiacjoe_overflow_alcove_4, orc_0_dummy,
          hangedman_decor_peaks_small

Skill      XL: |  1  2  3  4  5  6  7  8  9 10 11 |
---------------+----------------------------------+-----
Axes           | 4 5 6 7 9 10 12 | 12.4
Dodging        | 1 |  1.0
Armour         | 1 2 3 4 5 |  5.4
Throwing       | 1 2 3 |  3.1
Fighting       | 4 5 7 8 |  8.1
Shields        | 4 7 |  7.4
Spellcasting   | |  1.1
Fire Magic     | |  3.0

Action                   |  1- 3 |  4- 6 |  7- 9 | 10-12 || total
-------------------------+-------+-------+-------+-------++-------
Melee: Hand axe          |   127 |   101 |    53 |       ||   281
       Punch             |     1 |       |     4 |       ||     5
       War axe           |       |       |   168 |   152 ||   320
Throw: Javelin           |       |    23 |    30 |     9 ||    62
       Boomerang         |       |       |    14 |     3 ||    17
Invok: Fiery Armour      |     1 |     1 |     2 |     4 ||     8
  Use: Scroll            |     1 |     8 |     9 |     1 ||    19
       Potion            |       |     3 |     4 |     4 ||    11
Armor: Robe              |    16 |       |       |       ||    16
       Chain mail        |    27 |    40 |   115 |    49 ||   231
       Swamp dragon scal |       |       |       |    37 ||    37
       Plate armour      |       |       |       |     4 ||     4
Dodge: Dodged            |    52 |    19 |    81 |    84 ||   236
Block: Kite shield       |       |       |       |    47 ||    47

Table legend:
 A = Non-vault XP
 B = Vault XP
 C = Vault XP percentage of total XP
 D = Non-vault monster count
 E = Vault monster count
 F = Vault count percentage of total count
                 A         B        C        D         E       F
            +---------+---------+-------+---------+---------+-------
      Total |    8417 |     794 |   8.6 |     181 |      19 |   9.5
            +---------+---------+-------+---------+---------+-------
        D:1 |      52 |       1 |   1.9 |      35 |       1 |   2.8
        D:2 |     106 |      58 |  35.4 |      15 |       9 |  37.5
        D:3 |      66 |      40 |  37.7 |      10 |       4 |  28.6
        D:4 |     327 |       0 |   0.0 |      17 |       0 |   0.0
        D:5 |     491 |       0 |   0.0 |      16 |       0 |   0.0
        D:6 |     888 |     113 |  11.3 |      27 |       2 |   6.9
        D:7 |     816 |       0 |   0.0 |      14 |       0 |   0.0
        D:8 |    3723 |     482 |  11.5 |      23 |       2 |   8.0
        D:9 |    1445 |     100 |   6.5 |      20 |       1 |   4.8
       D:10 |     503 |       0 |   0.0 |       4 |       0 |   0.0
            +---------+---------+-------+---------+---------+-------
